 Dungeon Crawl Stone Soup version 0.21-a0 (webtiles) character file.

7280 Chiseanne the Protected (level 11, -4/87 HPs)
             Began as a Gnoll Wanderer on May 19, 2017.
             Was a Follower of Vehumet.
             Slain by a yak (8 damage)
             ... on level 11 of the Dungeon.
             The game lasted 00:34:44 (11314 turns).

Chiseanne the Protected (Gnoll Wanderer)           Turns: 11314, Time: 00:34:45

Health: -4/87      AC: 11    Str: 13    XL:     11   Next: 12%
Magic:  0/23       EV: 20    Int: 16    God:    Vehumet [*.....]
Gold:   688        SH:  0    Dex: 23    Spells: 8/26 levels left

rFire    . . .     SeeInvis .   a - +3 quarterstaff of Wyrd {flame, *Slow +Inv rC+ Dex+3}
rCold    + + .     Gourm    .   (shield currently unavailable)
rNeg     + . .     Faith    .   K - +2 leather armour {rC+}
rPois    .         Spirit   .   o - +0 helmet
rElec    +         Reflect  .   (no cloak)
rCorr    .         Harm     .   E - +2 pair of gloves
MR       .....     Rnd*Rage +   P - +0 pair of boots
Stlth    ++........             A - amulet of regeneration
Regen    0.7/turn               H - ring of positive energy
MPRegen  0.2/turn               l - +6 ring of dexterity

@: lethally poisoned (-4 -> -11), very slightly contaminated
A: short attention span, fangs 1, berserk 1, clever 1, deformed body,
electricity resistance, strong nose
a: Renounce Religion, Evoke Invisibility


You were on level 11 of the Dungeon.
You worshipped Vehumet.
Vehumet was aware of your devotion.
You were hungry.

You visited 2 branches of the dungeon, and saw 12 of its levels.

You collected 688 gold pieces.

Inventory:

Hand Weapons
 a - the +3 quarterstaff of Wyrd (weapon) {flame, *Slow +Inv rC+ Dex+3}
   (You took it off a gnoll on level 8 of the Dungeon)

   It has been specially enchanted to burn those struck by it, causing extra
   injury to most foes and up to half again as much damage against particularly
   susceptible opponents.
   It affects your dexterity (+3).
   It protects you from cold.
   It lets you turn invisible.
   It may slow you when you take damage.
 s - a +1 hand axe of flaming
Missiles
 e - 8 needles of sleeping
 f - 70 bolts
 g - 136 arrows
 m - 82 poisoned needles
 q - 233 stones (quivered)
 N - 24 sling bullets
Armour
 o - a +0 helmet (worn)
 E - a +2 pair of gloves (worn)
 K - a +2 leather armour of cold resistance (worn)
 P - a +0 pair of boots (worn)
Jewellery
 l - a +6 ring of dexterity (right hand)
 A - an amulet of regeneration (around neck)
 H - a ring of positive energy (left hand)
 Q - an uncursed ring of fire
Wands
 c - a wand of enslavement (11/24)
 j - a wand of flame (15/48)
 B - a wand of flame (9/48)
 F - a wand of digging (12/24)
Scrolls
 b - 4 scrolls of teleportation
 n - a scroll of amnesia
 r - a scroll of enchant weapon {unknown}
 w - 4 scrolls of remove curse
 z - a scroll of recharging
 J - a scroll of fear
 L - a scroll of enchant armour
Potions
 i - 2 potions of brilliance
 p - 6 potions of curing
 t - a potion of heal wounds
 v - 3 potions of flight
 x - a potion of ambrosia
 D - 2 potions of lignification
 G - a potion of invisibility
 I - a potion of haste
 O - a potion of cancellation
Books
 y - a book of Minor Magic

   Spells                             Type                      Level
   a - Magic Dart                     Conjuration                  1
   b - Blink                          Translocation                2
   c - Call Imp                       Summoning                    2
   d - Slow                           Hexes                        2
   e - Conjure Flame                  Conjuration/Fire             3
   f - Mephitic Cloud                 Conjuration/Poison/Air       3
 C - a book of Cantrips

   Spells                             Type                      Level
   a - Confusing Touch                Hexes                        1
   b - Animate Skeleton               Necromancy                   1
   c - Summon Small Mammal            Summoning                    1
   d - Apportation                    Translocation                1
 M - a book of Air

   Spells                             Type                      Level
   a - Shock                          Conjuration/Air              1
   b - Swiftness                      Charms/Air                   2
   c - Static Discharge               Conjuration/Air              3
   d - Airstrike                      Air                          4
   e - Lightning Bolt                 Conjuration/Air              5
Comestibles
 d - 8 bread rations
 h - 33 fruits
 k - 4 meat rations
 u - 5 royal jellies
 R - 4 chunks of flesh


   Skills:
 - Level 8.8 Fighting
 - Level 6.0(6.1) Axes
   Level 1.7(4.2) Maces & Flails
 - Level 2.4 Throwing
 - Level 9.2 Armour
 * Level 9.0 Dodging
 - Level 1.5 Stealth
 * Level 8.4 Spellcasting
 * Level 8.1 Conjurations
 * Level 8.0 Air Magic
 - Level 3.1 Evocations


You had 8 spell levels left.
You knew the following spells:

 Your Spells              Type           Power        Failure   Level  Hunger
a - Magic Dart            Conj           ####         1%          1    None
b - Airstrike             Air            ####......   4%          4    ###....
c - Static Discharge      Conj/Air       ####....     1%          3    #......
d - Mephitic Cloud        Conj/Pois/Air  ###.....     4%          3    #......
e - Blink                 Tloc           N/A          19%         2    None
f - Lightning Bolt        Conj/Air       ####......   13%         5    #####..


Dungeon Overview and Level Annotations

Branches:
Dungeon (11/15)            Temple (1/1) D:4            Lair (0/6) D:10
    Orc (0/2) D:10

Altars:
Ashenzari
Cheibriados
Dithmenos
Elyvilon
Fedhas
Gozag
Hepliaklqana
Kikubaaqudgha
Makhleb
Nemelex Xobeh
Okawaru
Qazlal
Ru
Sif Muna
Trog
Uskayaw
Vehumet
Wu Jian
Xom
Yredelemnul
Zin
The Shining One
Beogh

Shops:
D:7 *

Portals:
Labyrinth: D:11


Innate Abilities, Weirdness & Mutations

You have a short attention span.
You have very sharp teeth.
Your uncanny sense of smell can sniff out nearby items.
You tend to lose your temper in combat.
Your mind is acute. (Int +2)
Armour fits poorly on your strangely shaped body.
You are resistant to electric shocks. (rElec)


Message History

You miscast Blink.
You are very lightly contaminated with residual magic.
You spin around.
The bullfrog gives a loud, deep croak!
You feel sick. The killer bee misses you. The killer bee barely misses you.
The centaur closely misses you. The yak barely misses you.
The yak completely misses you. The killer bee misses you.
The yak gores you but does no damage. The yak misses you.
The killer bee completely misses you.
Unknown command.
You feel much better.
You feel sick. The killer bee closely misses you.
The centaur hits you but does no damage.
The killer bee stings you.
You are more poisoned.
The killer bee poisons you!
The two-headed ogre hits you with a giant club!!
* * * LOW HITPOINT WARNING * * *
The two-headed ogre closely misses you. The yak closely misses you.
The yak barely misses you. The killer bee misses you. The yak gores you!
You die...

....≈≈...# ≈...
.........#≈≈...
.........#≈≈..?
.........#≈≈≈≈≈
≈≈≈≈≈≈...≈...≈≈
≈≈≈≈≈≈.cc....≈≈
≈≈≈≈≈.YYYt...≈≈
≈≈≈≈≈YY@Oc...≈≈
≈≈(..Fycya...≈.
.≈...(.........
.≈...(.........
.###...........
.....###.....
####.# ##### ##


You could see a two-headed ogre, 5 yaks, a crocodile, a bullfrog, 4 centaurs, a
worker ant and 2 killer bees.

Vanquished Creatures
  Erolcha (D:10)
  An unseen horror (D:10)
  A guardian serpent (shapeshifter) (D:10)
  Psyche (D:10)
  A gargoyle (D:10)
  2 hippogriffs
  Sigmund (D:3)
  A steam dragon (D:10)
  A porcupine (D:10)
  6 orc warriors
  3 black bears
  An ice beast (D:7)
  A centaur (D:9)
  7 ogres
  3 crocodiles
  5 bullfrogs
  A big kobold (D:10)
  6 scorpions
  2 water moccasin skeletons
  5 killer bees (D:11)
  3 wights (D:7)
  3 howler monkeys
  6 crimson imps
  3 orc wizards
  A centaur skeleton (D:5)
  6 orc priests
  4 hounds
  Natasha (twice) (D:3)
  2 bullfrog skeletons
  2 iguanas (D:4)
  2 hell rats (D:10)
  Ijyb (D:3)
  7 worker ants
  A statue (D:9)
  A worker ant zombie (D:6)
  7 gnolls
  7 adders
  3 river rats (D:10)
  A shadow imp (D:9)
  2 oozes
  An adder zombie (D:5)
  3 adder skeletons
  5 dart slugs
  A worm (D:5)
  3 leopard geckos
  38 orcs
  2 ball pythons (D:5)
  11 giant cockroaches
  5 goblins
  9 hobgoblins
  16 jackals
  5 quokkas
  8 bats
  6 frilled lizards
  7 kobolds
  A leopard gecko skeleton (D:5)
  A leopard gecko zombie (D:6)
  A quokka skeleton (D:4)
  A quokka zombie (D:5)
  12 rats
250 creatures vanquished.

Vanquished Creatures (others)
  3 plants (D:6)
3 creatures vanquished.

Grand Total: 253 creatures vanquished

Notes
Turn   | Place    | Note
-------+----------+-------------------------------------------
     0 | D:1      | Chiseanne the Gnoll Wanderer began the quest for the Orb.
     0 | D:1      | Chiseanne set off with: a +2 hand axe, 2 scrolls of teleportation, a +0 robe, a bread ration
     0 | D:1      | Reached XP level 1. HP: 16/16 MP: 2/2
    27 | D:1      | Reached XP level 2. HP: 4/23 MP: 3/3
   765 | D:1      | Reached skill level 1 in Dodging
   875 | D:1      | Reached XP level 3. HP: 29/29 MP: 4/4
  1299 | D:2      | Gained mutation: Armour fits poorly on your strangely shaped body. [potion of mutation]
  1299 | D:2      | Gained mutation: You are resistant to electric shocks. (rElec) [potion of mutation]
  1299 | D:2      | Gained mutation: You tend to lose your temper in combat. [potion of mutation]
  1299 | D:2      | Gained mutation: Your mind is acute. (Int +2) [potion of mutation]
  1311 | D:2      | Reached XP level 4. HP: 18/36 MP: 5/5
  1749 | D:2      | Found a glowing golden altar of the Shining One.
  2359 | D:3      | Noticed Ijyb
  2365 | D:3      | Noticed Natasha
  2375 | D:3      | Killed Ijyb
  2375 | D:3      | Reached XP level 5. HP: 41/43 MP: 6/6
  2378 | D:3      | Killed Natasha
  2378 | D:3      | Reached skill level 5 in Axes
  2815 | D:3      | Noticed Natasha
  2824 | D:3      | Killed Natasha
  2933 | D:3      | Reached skill level 5 in Fighting
  2991 | D:3      | Reached XP level 6. HP: 51/51 MP: 7/7
  3200 | D:3      | Noticed Sigmund
  3217 | D:3      | Killed Sigmund
  3420 | D:4      | Reached skill level 5 in Dodging
  3556 | D:4      | Found a staircase to the Ecumenical Temple.
  3568 | Temple   | Entered the Ecumenical Temple
  3689 | D:4      | Reached XP level 7. HP: 41/57 MP: 8/8
  4120 | D:4      | Reached skill level 1 in Throwing
  4499 | D:5      | Entered Level 5 of the Dungeon
  4542 | D:5      | Learned a level 1 spell: Magic Dart
  4778 | D:5      | Found a snail-covered altar of Cheibriados.
  4920 | D:5      | Found a shimmering altar of Xom.
  4921 | D:5      | Found a hazy altar of Hepliaklqana.
  4922 | D:5      | Noticed a spectral ugly thing
  5170 | D:5      | Reached skill level 1 in Spellcasting
  5180 | D:5      | Reached skill level 1 in Conjurations
  5275 | D:5      | Found an ancient bone altar of Kikubaaqudgha.
  5385 | D:5      | Found an ornate altar of the Wu Jian Council.
  5480 | D:6      | Reached XP level 8. HP: 58/65 MP: 11/11
  5485 | D:6      | Learned a level 3 spell: Mephitic Cloud
  5546 | D:6      | Reached skill level 1 in Air Magic
  5617 | D:6      | Learned a level 2 spell: Blink
  6187 | D:6      | Found a blossoming altar of Fedhas.
  6404 | D:7      | Found a bloodstained altar of Trog.
  6423 | D:6      | Reached skill level 5 in Spellcasting
  6423 | D:6      | Reached XP level 9. HP: 70/72 MP: 12/16
  6590 | D:7      | Reached skill level 5 in Conjurations
  6917 | D:7      | Found an opulent altar of Gozag.
  6921 | D:7      | Found Gozag's Platinum Reserve.
  6943 | D:7      | Reached skill level 5 in Air Magic
  7788 | D:8      | Learned a level 3 spell: Static Discharge
  7793 | D:8      | Learned a level 4 spell: Airstrike
  7821 | D:8      | Found a shattered altar of Ashenzari.
  7863 | D:8      | Got an ichor-stained quarterstaff {flame}
  7970 | D:8      | Identified the +3 quarterstaff of Wyrd {flame, *Slow +Inv rC+ Dex+3} (You took it off a gnoll on level 8 of the Dungeon)
  8252 | D:9      | Found a stormy altar of Qazlal.
  8362 | D:9      | Found a radiant altar of Vehumet.
  8370 | D:9      | Became a worshipper of Vehumet
  8413 | D:9      | Found a hide-covered altar of Uskayaw.
  8521 | D:9      | Reached XP level 10. HP: 80/80 MP: 13/20
  9146 | D:10     | Entered Level 10 of the Dungeon
  9185 | D:10     | Noticed a death yak
  9443 | D:10     | Noticed a gargoyle
  9463 | D:10     | Killed a gargoyle
  9537 | D:10     | Noticed Psyche
  9537 | D:10     | Learned a level 5 spell: Lightning Bolt
  9552 | D:10     | Killed Psyche
  9562 | D:10     | Noticed a spiny frog
  9733 | D:10     | Noticed a guardian serpent
  9736 | D:10     | Noticed a death yak
  9740 | D:10     | Noticed Erolcha
  9741 | D:10     | Killed a guardian serpent
  9755 | D:10     | Paralysed by Erolcha for 4 turns
  9864 | D:10     | Paralysed by Erolcha for 4 turns
  9869 | D:10     | Killed Erolcha
  9954 | D:10     | Reached * piety under Vehumet
  9954 | D:10     | Offered knowledge of Flame Tongue by Vehumet.
 10060 | D:10     | Noticed a death yak
 10167 | D:10     | Found a staircase to the Lair.
 10746 | D:10     | Found a roughly hewn altar of Beogh.
 10746 | D:10     | Found a staircase to the Orcish Mines.
 11099 | D:10     | Killed an unseen horror
 11099 | D:10     | Reached XP level 11. HP: 80/87 MP: 7/23
 11302 | D:11     | Found a labyrinth entrance.
 11306 | D:11     | Noticed a two-headed ogre
 11314 | D:11     | HP: 4/87 [two-headed ogre/giant club (25)]
 11314 | D:11     | Slain by a yak

Vault maps used:
D:1:      elethiomel_arrival_shortcut
D:2:      nicolae_tso_carved_into_rock, first_bread
D:3:      uniq_ijyb, uniq_natasha, uniq_sigmund
D:4:      minmay_temple_entry_large_hall, hangedman_abyss_or_decor_lesser_grid,
          st_stairs_11
D:5:      regret_index_temple_of_mockery, marbit_many_paths,
          cheibrodos_worm_habitat, lemuel_coloured_pillars_altar,
          minmay_misc_feat_x
D:6:      fedhas_altar_decomposition
D:7:      trog_ov_bears_minmay, nicolae_gozag_zags_fifth_avenue
D:8:      ashenzari_altar_1
D:9:      vehumet_statue, grunt_qazlal_sundering, lemuel_doored_altar
D:10:     dpeg_lair_monsters, david_orc_5, blue_anna_alchemist, uniq_psyche,
          uniq_erolcha
D:11:     kb_forest_paths, lab_entry_generic, uniq_harold
Temple:   cyrus_temple_forest

Skill      XL: |  1  2  3  4  5  6  7  8  9 10 11 |
---------------+----------------------------------+-----
Fighting       | 2 3 4 5 6 7 8 |  8.8
Dodging        | 1 2 3 4 5 6 7 8 9 |  9.0
Axes           | 4 5 6 |  6.0
Armour         | 7 8 9 |  9.2
Evocations     | 2 3 |  3.1
Throwing       | 2 |  2.4
Spellcasting   | 2 5 7 8 |  8.4
Conjurations   | 2 4 6 8 |  8.1
Air Magic      | 4 6 7 8 |  8.0
Maces & Flails | |  1.7
Stealth        | |  1.5

Action                   |  1- 3 |  4- 6 |  7- 9 | 10-12 || total
-------------------------+-------+-------+-------+-------++-------
Melee: Hand axe          |   113 |    15 |    38 |       ||   166
       Bite              |     7 |    12 |    60 |    22 ||   101
       Spear             |       |   133 |   393 |       ||   526
       Quarterstaff      |       |       |    42 |   113 ||   155
 Cast: Magic Dart        |       |       |    66 |   112 ||   178
       Mephitic Cloud    |       |       |     8 |    16 ||    24
       Static Discharge  |       |       |     5 |    39 ||    44
       Airstrike         |       |       |     1 |       ||     1
       Blink             |       |       |       |     3 ||     3
       Lightning Bolt    |       |       |       |     2 ||     2
Evoke: Wand              |       |       |     4 |     1 ||     5
  Use: Scroll            |     3 |     2 |    13 |     2 ||    20
       Potion            |     3 |     3 |     4 |     1 ||    11
 Stab: Sleeping          |     1 |     3 |     1 |     2 ||     7
       Confused          |       |       |     2 |     6 ||     8
  Eat: Chunk             |     1 |     7 |    18 |     8 ||    34
       Fruit             |       |       |       |     3 ||     3
Armor: Robe              |    12 |       |       |       ||    12
       Leather armour    |    28 |       |    25 |    40 ||    93
       Ring mail         |     5 |    35 |    98 |       ||   138
Dodge: Dodged            |    76 |    64 |   309 |   233 ||   682
